 Dungeon Crawl Stone Soup version 0.30-a0-44-gec41be8 (webtiles) character file.

Game seed: 6972468229210295249

55271 Cunctator the Martial Artist (level 14, -2/120 HPs)
             Began as a Gnoll Transmuter on Aug 23, 2022.
             Was an Elder of Ashenzari.
             Slain by a death knight
             ... wielding a +2 great mace
              (31 damage)
             ... on level 13 of the Dungeon on Sept 6, 2022.
             The game lasted 03:15:13 (27174 turns).

Cunctator the Martial Artist (Gnoll Transmuter)    Turns: 27174, Time: 03:15:15

Health: -2/120     AC: 16    Str: 11    XL:     14   Next: 76%
Magic:  0/32       EV: 17    Int: 22    God:    Ashenzari [****..]
Gold:   1148       SH:  2    Dex: 13    Spells: 11/41 levels left

rFire   . . .      SeeInvis +    E - staff of cold (curse) {Self, Melee}
rCold   + . .      Faith    .    (no shield)
rNeg    + . .      Spirit   .    M - +0 acid dragon scales of Ashenzari's Insecurity {rCorr, Fort, Elem} (curse)
rPois   .          Reflect  .    T - +2 hat "Overhang to Understand" {Comp, Melee} (curse)
rElec   .          Harm     .    R - scarf "Per Aspera Ad Scientiam" {repulsion, Comp, Elem} (curse)
rCorr   +          Rampage  .    V - +0 pair of gloves of the Wild Blue Yonder {infuse, Comp, Melee} (curse)
Will    +....      Clarity  +    q - +0 pair of boots of the Bound Dismay {Fort, Self} (curse)
Stlth   ++++......               B - amulet "Astral Trepidation" {RegenMP, Alch, Bglg} (curse)
HPRegen 0.30/turn                h - +6 ring of intelligence
MPRegen 0.63/turn                f - ring of the Octopus King {rN+ HP+2 AC+2 EV+2 SH+2}

@: repel missiles
A: fangs 1, strong nose, distributed training
a: Renounce Religion, Shatter the Chains


You were on level 13 of the Dungeon.
You worshipped Ashenzari.
Ashenzari was greatly pleased with you.
You visited 3 branches of the dungeon, and saw 19 of its levels.
You also visited: Gauntlet.

You collected 1148 gold pieces.

Inventory:

Hand Weapons
 l - a +2 dagger of venom
Missiles
 d - 7 curare-tipped darts
 e - 137 stones (quivered)
 u - 25 poisoned darts
 y - 6 silver javelins
Armour
 a - an orb of light
 q - the cursed +0 pair of boots of the Bound Dismay (worn) {Fort, Self}
   (You found it on level 2 of the Dungeon)

   It has a curse which improves the following skills: Fortitude: Armour and
   Shields.
   Introspection: Fighting and Spellcasting.
 M - the cursed +0 acid dragon scales of Ashenzari's Insecurity (worn) {rCorr, Fort, Elem}
   (You found it on level 7 of the Dungeon)

   rCorr:     It protects you from acid and corrosion.
   It has a curse which improves the following skills: Fortitude: Armour and
   Shields.
   Elements:  Fire Magic, Ice Magic, Air Magic and Earth Magic.
 R - the cursed scarf "Per Aspera Ad Scientiam" (worn) {repulsion, Comp, Elem}
   (You found it on level 2 of the Lair of Beasts)

   It has a curse which improves the following skills: Companions: Summonings
   and Necromancy.
   Elements:  Fire Magic, Ice Magic, Air Magic and Earth Magic.
 T - the cursed +2 hat "Overhang to Understand" (worn) {Comp, Melee}
   (You took it off Gastronok on level 3 of the Lair of Beasts)

   It has a curse which improves the following skills: Companions: Summonings
   and Necromancy.
   Melee Combat: Short Blades, Long Blades, Axes, Maces & Flails, Polearms,
   Staves and Unarmed Combat.
 V - the cursed +0 pair of gloves of the Wild Blue Yonder (worn) {infuse, Comp, Melee}
   (You found it in a Gauntlet)

   It has a curse which improves the following skills: Companions: Summonings
   and Necromancy.
   Melee Combat: Short Blades, Long Blades, Axes, Maces & Flails, Polearms,
   Staves and Unarmed Combat.
Magical Staves
 E - a cursed staff of cold (weapon) {Self, Melee}
Jewellery
 f - a ring of the Octopus King (right hand) {rN+ HP+2 AC+2 EV+2 SH+2}
   (You found it on level 5 of the Lair of Beasts)

   [ring of positive energy]

   AC:        It affects your AC (+2).
   EV:        It affects your evasion (+2).
   rN:        It protects you from negative energy.
   HP:        It affects your health (+2).
   SH:        It affects your SH (+2).
 h - a +6 ring of intelligence (left hand)
 B - the cursed amulet "Astral Trepidation" (around neck) {RegenMP, Alch, Bglg}
   (You found it on level 4 of the Dungeon)

   [amulet of magic regeneration]

   It increases your rate of magic regeneration.
   It has a curse which improves the following skills: Alchemy: Poison Magic and
   Transmutations.
   Beguiling: Conjurations, Hexes and Translocations.
 W - the ring of Shadows {Umbra +Inv Stlth+}
   (You took it off a minotaur on level 3 of the Lair of Beasts)

   [ring of stealth]

   It surrounds you with an aura of shadow, increasing your stealth and reducing
   the accuracy of all others within it.
   +Inv:      It lets you turn invisible.
   Stlth:     It makes you more stealthy.
 X - an amulet of the acrobat
Wands
 n - a wand of mindburst (6)
 p - a wand of charming (10)
 r - a wand of roots (2)
 C - a wand of light (6)
 F - a wand of flame (19)
 I - a wand of digging (6)
 Y - a wand of polymorph (4)
Scrolls
 g - 3 scrolls of magic mapping
 i - 4 scrolls of fog
 k - 2 scrolls of immolation
 t - 4 scrolls of teleportation
 v - a scroll of blinking
 z - 3 scrolls of fear
 A - 3 scrolls of brand weapon
 G - 2 scrolls of enchant armour
 H - a scroll of amnesia
 J - a scroll of acquirement
 K - 3 scrolls of poison
 L - 2 scrolls of torment
Potions
 b - 4 potions of lignification
 c - 2 potions of cancellation
 j - 2 potions of magic
 m - 15 potions of ambrosia
 o - a potion of resistance
 s - 5 potions of mutation
 w - a potion of heal wounds
 x - 6 potions of might
 D - 4 potions of berserk rage
 N - 3 potions of invisibility
 O - 2 potions of brilliance
 P - 3 potions of haste
 S - 4 potions of curing
Miscellaneous
 U - a condenser vane


   Skills:
 + Level 10.2(13.1) Fighting
 + Level 9.8(13.7) Short Blades
 + Level 9.8(13.7) Long Blades
 + Level 9.8(13.7) Axes
 + Level 9.8(13.7) Maces & Flails
 + Level 9.8(13.7) Polearms
 + Level 9.8(13.7) Staves
 + Level 9.8 Ranged Weapons
 + Level 9.8 Throwing
 + Level 9.8(12.8) Armour
 + Level 10.9 Dodging
 + Level 9.8 Stealth
 + Level 9.8(12.8) Shields
 + Level 11.8(15.6) Unarmed Combat
 + Level 11.0(14.0) Spellcasting
 + Level 8.2(10.2) Conjurations
 + Level 8.2(10.2) Hexes
 + Level 8.2(12.1) Summonings
 + Level 8.2(12.1) Necromancy
 + Level 8.2(10.2) Translocations
 + Level 9.1(11.1) Transmutations
 + Level 8.2(11.2) Fire Magic
 + Level 8.2(11.2) Ice Magic
 + Level 8.2(11.2) Air Magic
 + Level 8.2(11.2) Earth Magic
 + Level 8.2(10.2) Poison Magic
 + Level 10.7 Invocations
 + Level 9.8 Evocations


You had 11 spell levels left.
You knew the following spells:

 Your Spells              Type           Power      Damage    Failure   Level
a - Beastly Appendage     Tmut           100%       N/A       1%          1
b - Wereblood             Tmut           59%        N/A       1%          2
c - Spider Form           Tmut/Pois      58%        N/A       1%          3
d - Ice Form              Ice/Tmut       77%        N/A       1%          4
e - Airstrike             Air            30%        2d(5-21)  1%          4
f - Summon Mana Viper     Hex/Summ       59%        N/A       1%          5
g - Borgnjor's Vile Clut  Necr/Erth      30%        N/A       1%          5
h - Starburst             Conj/Fire      29%        6d9       10%         6

Your spell library contained the following spells:

 Spells                   Type           Power      Damage    Failure   Level
 Magic Dart               Conj           100%       1d8       1%          1
 Necrotise                Necr           100%       1d9       1%          1
 Call Imp                 Summ           62%        N/A       1%          2
 Static Discharge         Conj/Air       100%       3-10/arc  1%          2
 Inner Flame              Hex/Fire       58%        N/A       1%          3
 Mephitic Cloud           Conj/Pois/Air  58%        N/A       1%          3
 Portal Projectile        Hex/Tloc       100%       N/A       1%          3
 Vampiric Draining        Necr           62%        2d10      1%          3
 Cause Fear               Hex            28%        N/A       1%          4
 Corpse Rot               Necr/Pois/Air  59%        N/A       1%          4
 Dispel Undead            Necr           62%        3d22      1%          4
 Fulminant Prism          Conj/Hex       28%        3d14      1%          4
 Iskenderun's Mystic Bla  Conj/Tloc      57%        2d12      1%          4
 Sticky Flame             Conj/Fire      58%        2d7       1%          4
 Summon Lightning Spire   Summ/Air       61%        N/A       1%          4
 Agony                    Necr           62%        N/A       1%          5
 Alistair's Intoxication  Tmut/Pois      38%        N/A       1%          5
 Fireball                 Conj/Fire      29%        3d13      1%          5
 Lee's Rapid Deconstruct  Erth           30%        3d17*     1%          5
 Lightning Bolt           Conj/Air       29%        1d45      1%          5
 Summon Forest            Summ/Tloc      29%        N/A       1%          5
 Summon Cactus Giant      Summ           31%        N/A       6%          6
 Eringya's Noxious Bog    Tmut/Pois      29%        N/A       11%         6
 Necromutation            Tmut/Necr      30%        N/A       97%         8
 Ignition                 Fire           30%        3d10      98%         8
 Maxwell's Capacitive Co  Air            30%        ∞         98%         8
 Discord                  Hex            28%        N/A       99%         8


Dungeon Overview and Level Annotations

Branches:
Dungeon (13/15)            Temple (1/1) D:5            Lair (5/5) D:10
  Swamp (0/4) Lair:2       Spider (0/4) Lair:3        Slime (0/5) Lair:5
    Orc (0/2) D:10        Gauntlet (visited)
 Vaults: D:13-14

Altars:
Ashenzari
Cheibriados
Dithmenos
Elyvilon
Fedhas
Gozag
Hepliaklqana
Kikubaaqudgha
Makhleb
Okawaru
Qazlal
Ru
Sif Muna
Vehumet
Wu Jian
Xom
Yredelemnul
Zin
The Shining One
Jiyva

Shops:
D:9 (   D:10 :   D:11 *[=?!

Annotations:
D:4 1 runed translucent door, Raine357's ghost, novice GnBr
D:10 exclusion: sensed monster (detected)
D:11 exclusion: door
Lair:5 exclusion: oklob plant


Innate Abilities, Weirdness & Mutations

You have very sharp teeth.
Your uncanny sense of smell can sniff out nearby items.
Your experience applies equally to all skills.


Message History

Confirm with . or Enter, or press ? or * to list all spells.
Aiming: Airstrike (mildly dangerous; 1% risk of failure)
Press: ? - help, Dir - move target, f/p - death knight
Aim: a death knight, wielding a +2 great mace and wearing a +0 chain mail (severely wounded, reflecting injuries, empty space bonus: 7/8)
The air twists around and strikes the death knight!
The death knight is almost dead.
The death knight reflects your damage back at you!
The death knight calls down the wrath of Yredelemnul upon you.
Your body is wracked with pain!
* * * LOW HITPOINT WARNING * * *
Casting: Airstrike (mildly dangerous; 1% risk of failure)
Confirm with . or Enter, or press ? or * to list all spells.
Aiming: Airstrike (mildly dangerous; 1% risk of failure)
Press: ? - help, Dir - move target, f/p - death knight
Aim: a death knight, wielding a +2 great mace and wearing a +0 chain mail (almost dead, reflecting injuries, empty space bonus: 7/8)
The air twists around and strikes the death knight!
The death knight is almost dead.
The death knight reflects your damage back at you!
* * * LOW HITPOINT WARNING * * *
The death knight completely misses you.
You feel much better.
The death knight hits you with a +2 great mace!!
* * * LOW HITPOINT WARNING * * *
You feel much better. The death knight barely misses you.
You closely miss the death knight.
The death knight is almost dead.
The death knight hits you with a +2 great mace!!
* * * LOW HITPOINT WARNING * * *
You feel much better.
The death knight's dark mirror aura disappears.
The death knight misses you.
Casting: Airstrike (mildly dangerous; 1% risk of failure)
Confirm with . or Enter, or press ? or * to list all spells.
Casting: Starburst (dangerous; 10% risk of failure)
Press: ? - help, Dir - look around, f - activate The bolt of fire misses the death knight.
The bolt of fire hits the wraith!
The wraith is heavily damaged.
The death knight hits you with a +2 great mace!!
You die...

,,,
#................##.# *
#................#*...
,* , *
##.##.............##...
,
###....................
, ,, *
#...........##########..
*
#.##........'.......,**
#.##........#.......,
#.##....p...#....... ,
#......@W...#....... *
,**
#...........#.......,*
,, ,
#...........#..<###.,**,
,,, , *########'####...#
**, ,, ,,, ,........##.
...# , ,,, , * ,
........## , , ,, , , *,
........# ,,,,,** , ,,,
* #+#######** ** ,, , ,
, , , ,,, ,, , ,


You could see a death knight and a wraith.

Vanquished Creatures
  Gastronok (Lair:3)
  Nessos (Lair:3)
  A minotaur (Lair:3)
  Fannar (Lair:3)
  7 hydras
  A catoblepas (Lair:5)
  A merfolk avatar (Lair:5)
  A death yak (Lair:2)
  2 two-headed ogres (D:11)
  Sonja (Lair:1)
  A sea snake (Lair:5)
  3 wizards (Gauntlet)
  Pikel (D:5)
  A lindwurm (Lair:5)
  A deep elf pyromancer (D:12)
  An oklob plant (Lair:5)
  3 manticores
  5 elephants (Lair:5)
  4 cyclopes
  4 black mambas
  3 torpor snails
  A gargoyle (D:12)
  3 rime drakes (Lair:5)
  2 freezing wraiths (D:13)
  12 cane toads
  7 komodo dragons
  2 unseen horrors
  3 wind drakes (Lair:5)
  A queen bee (D:9)
  3 trolls
  6 polar bears
  6 hornets
  10 dream sheep
  11 blink frogs
  2 snapping turtles (Lair:5)
  4 jumping spiders (Lair:3)
  A flying skull (Gauntlet)
  2 shadows (D:12)
  A spriggan (Lair:2)
  A vampire (D:12)
  A culicivora (Lair:3)
  10 wyverns
  4 basilisks
  23 yaks
  A wraith (D:11)
  Eustachio (D:5)
  3 steam dragons
  2 wargs (D:10)
  4 vampire mosquitoes (D:11)
  2 acid dragons
  16 water moccasins
  2 black bears
  3 sky beasts
  4 orc warriors
  A centaur (D:12)
  16 wolves
  4 kobold brigands
  2 scorpions
  8 bullfrogs
  2 gnoll sergeants
  5 wights (D:7)
  41 killer bees
  3 howler monkeys
  2 hounds (D:5)
  A jelly (D:6)
  8 orc priests
  An iguana (D:4)
  Natasha (thrice) (D:3)
  14 orc wizards
  Terence (D:3)
  5 hell rats (Lair:3)
  A nameless horror (Lair:3)
  Robin (D:3)
  14 gnolls
  8 adders
  3 shadow imps
  3 white imps
  An ufetubus (D:7)
  A worm (D:5)
  2 dart slugs
  54 orcs
  4 endoplasms
  4 giant cockroaches
  15 goblins
  7 hobgoblins
  2 jackals (D:3)
  33 kobolds
  3 quokkas
  2 ball pythons
  7 bats
  8 frilled lizards
  A rat (D:2)
489 creatures vanquished.

Vanquished Creatures (collateral kills)
  A torpor snail (Lair:2)
  2 cane toads (Lair:1)
  4 dream sheep
  A flying skull (Gauntlet)
  2 yaks
  A water moccasin (Lair:3)
  2 wolves
  2 shadow imps (Gauntlet)
15 creatures vanquished.

Vanquished Creatures (others)
  A bush (D:10)
  4 demonic plants (Gauntlet)
  20 fungi
  77 plants
  3 withered plants (Gauntlet)
105 creatures vanquished.

Grand Total: 609 creatures vanquished

Notes
Turn   | Place    | Note
-------+----------+-------------------------------------------
     0 | D:1      | Cunctator the Gnoll Transmuter began the quest for the Orb.
     0 | D:1      | Reached XP level 1. HP: 17/17 MP: 6/6
    93 | D:1      | Found a faded altar of an unknown god.
   402 | D:1      | Reached XP level 2. HP: 17/23 MP: 7/7
  1116 | D:1      | Reached skill level 5 in Spellcasting
  1116 | D:1      | Reached XP level 3. HP: 23/28 MP: 7/9
  1397 | D:2      | Reached skill level 1 in Invocations
  1449 | D:2      | Reached skill level 1 in Short Blades
  1449 | D:2      | Reached skill level 1 in Long Blades
  1449 | D:2      | Reached skill level 1 in Axes
  1449 | D:2      | Reached skill level 1 in Maces & Flails
  1449 | D:2      | Reached skill level 1 in Polearms
  1449 | D:2      | Reached skill level 1 in Staves
  1449 | D:2      | Reached skill level 1 in Ranged Weapons
  1449 | D:2      | Reached skill level 1 in Throwing
  1449 | D:2      | Reached skill level 1 in Armour
  1449 | D:2      | Reached skill level 1 in Stealth
  1449 | D:2      | Reached skill level 1 in Shields
  1449 | D:2      | Reached skill level 1 in Evocations
  1578 | D:2      | Reached XP level 4. HP: 21/34 MP: 9/11
  1847 | D:2      | Learned a level 2 spell: Wereblood
  2024 | D:3      | Noticed Robin
  2068 | D:3      | Noticed Terence
  2076 | D:3      | Killed Terence
  2077 | D:3      | Reached skill level 1 in Conjurations
  2077 | D:3      | Reached skill level 1 in Hexes
  2077 | D:3      | Reached skill level 1 in Summonings
  2077 | D:3      | Reached skill level 1 in Necromancy
  2077 | D:3      | Reached skill level 1 in Translocations
  2077 | D:3      | Reached skill level 1 in Fire Magic
  2077 | D:3      | Reached skill level 1 in Ice Magic
  2077 | D:3      | Reached skill level 1 in Air Magic
  2077 | D:3      | Reached skill level 1 in Earth Magic
  2077 | D:3      | Reached skill level 1 in Poison Magic
  2152 | D:3      | Killed Robin
  2153 | D:3      | Reached XP level 5. HP: 25/40 MP: 10/12
  2476 | D:3      | Noticed Natasha
  2499 | D:3      | Killed Natasha
  2981 | D:3      | Noticed Natasha
  3062 | D:3      | Learned a level 3 spell: Spider Form
  3335 | D:3      | Killed Natasha
  3433 | D:4      | Noticed Raine357's ghost (novice GnBr)
  3433 | D:4      | Found a runed translucent door.
  3568 | D:4      | Noticed a black bear
  3584 | D:4      | Reached XP level 6. HP: 35/47 MP: 13/13
  3597 | D:3      | Noticed Natasha
  3609 | D:3      | Killed Natasha
  4034 | D:4      | Reached skill level 5 in Dodging
  4090 | D:4      | Noticed a water elemental
  4092 | D:4      | Found a stormy altar of Qazlal.
  4093 | D:4      | Noticed an air elemental
  4093 | D:4      | Noticed a fire elemental
  4473 | D:4      | Killed a black bear
  4474 | D:4      | Reached XP level 7. HP: 6/52 MP: 15/15
  5173 | D:5      | Entered Level 5 of the Dungeon
  5175 | D:5      | Found a staircase to the Ecumenical Temple.
  5328 | Temple   | Entered the Ecumenical Temple
  5334 | Temple   | Became a worshipper of Ashenzari the Shackled
  5945 | D:6      | Noticed Pikel
  5965 | D:5      | Killed Pikel
  5966 | D:5      | Reached XP level 8. HP: 9/60 MP: 15/17
  6611 | D:6      | Identified the +3 leather armour of Dishonesty {Rampage
                  | *Slow Str+6}
  6659 | D:6      | Noticed Eustachio
  6906 | D:5      | Killed Eustachio
  7478 | D:6      | Reached skill level 5 in Transmutations
  7753 | D:7      | Reached XP level 9. HP: 31/67 MP: 16/18
  7951 | D:7      | Found a hazy altar of Hepliaklqana.
  8006 | D:7      | Reached * piety under Ashenzari
  8006 | D:7      | Identified a scroll of acquirement
  8265 | D:7      | Reached skill level 5 in Fighting
  8727 | D:7      | Learned a level 4 spell: Ice Form
  8879 | D:7      | Found a radiant altar of Vehumet.
  9052 | D:8      | Found a glowing silver altar of Zin.
  9137 | D:8      | Reached skill level 5 in Invocations
  9490 | D:8      | Reached ** piety under Ashenzari
  9564 | D:8      | Identified the cursed +0 helmet "Perceptive Omen" {Range,
                  | Bglg} (You found it on level 1 of the Dungeon)
  9941 | D:9      | Noticed a troll
 10068 | D:8      | Reached skill level 5 in Short Blades
 10068 | D:8      | Reached skill level 5 in Long Blades
 10068 | D:8      | Reached skill level 5 in Axes
 10068 | D:8      | Reached skill level 5 in Maces & Flails
 10068 | D:8      | Reached skill level 5 in Polearms
 10068 | D:8      | Reached skill level 5 in Staves
 10068 | D:8      | Reached skill level 5 in Ranged Weapons
 10068 | D:8      | Reached skill level 5 in Throwing
 10068 | D:8      | Reached skill level 5 in Armour
 10068 | D:8      | Reached skill level 5 in Stealth
 10068 | D:8      | Reached skill level 5 in Shields
 10068 | D:8      | Reached skill level 5 in Evocations
 10068 | D:8      | Reached XP level 10. HP: 29/76 MP: 20/20
 10099 | D:8      | Identified the cursed +0 pair of boots of the Bound Dismay
                  | {Fort, Self} (You found it on level 2 of the Dungeon)
 10745 | D:9      | Found Counacih's Weapon Boutique.
 12550 | D:9      | Learned a level 4 spell: Airstrike
 12773 | D:9      | Identified the +5 leather armour of Negligence {+Blink}
 12853 | D:9      | Found an ornate altar of the Wu Jian Council.
 12870 | D:9      | Found an opulent altar of Gozag.
 13052 | D:10     | Entered Level 10 of the Dungeon
 13373 | D:10     | Found Gomisit's Book Shop.
 13502 | D:10     | Found a staircase to the Orcish Mines.
 13520 | D:10     | Reached skill level 5 in Conjurations
 13520 | D:10     | Reached skill level 5 in Hexes
 13520 | D:10     | Reached skill level 5 in Summonings
 13520 | D:10     | Reached skill level 5 in Necromancy
 13520 | D:10     | Reached skill level 5 in Translocations
 13520 | D:10     | Reached skill level 5 in Fire Magic
 13520 | D:10     | Reached skill level 5 in Ice Magic
 13520 | D:10     | Reached skill level 5 in Air Magic
 13520 | D:10     | Reached skill level 5 in Earth Magic
 13520 | D:10     | Reached skill level 5 in Poison Magic
 13520 | D:10     | Reached XP level 11. HP: 67/83 MP: 22/22
 13527 | D:10     | Found a staircase to the Lair.
 13527 | D:10     | Noticed a manticore
 14272 | D:10     | Paralysed by a hornet for 1 turns
 15141 | D:10     | Killed a manticore
 15458 | D:10     | Upgraded the game from 0.30-a0-13-gdcc3018 to
                  | 0.30-a0-25-gacc37e2
 15492 | D:10     | Learned a level 5 spell: Summon Mana Viper
 15524 | D:11     | Found Bugenin's Antique Armour Shop.
 15684 | D:11     | Found Fouxymm's General Store.
 15713 | D:11     | Noticed a cyclops
 15732 | D:11     | Noticed a two-headed ogre
 15841 | D:11     | Noticed a five-headed hydra
 16176 | Lair:1   | Entered Level 1 of the Lair of Beasts
 16520 | Lair:1   | Reached *** piety under Ashenzari
 17134 | Lair:1   | Noticed Sonja
 17139 | Lair:1   | Killed Sonja
 17646 | Lair:1   | Reached **** piety under Ashenzari
 17659 | Lair:1   | Reached XP level 12. HP: 91/91 MP: 14/24
 17729 | Lair:1   | Identified the cursed +0 acid dragon scales of Ashenzari's
                  | Insecurity {rCorr, Fort, Elem} (You found it on level 7 of
                  | the Dungeon)
 18031 | Lair:2   | Found a staircase to the Swamp.
 18599 | Lair:2   | Noticed a four-headed hydra
 18607 | Lair:2   | Killed a four-headed hydra
 18608 | Lair:2   | Reached skill level 10 in Unarmed Combat
 18963 | Lair:3   | Noticed Gastronok
 18970 | Lair:3   | Killed Gastronok
 19319 | Lair:3   | Noticed Nessos
 19346 | Lair:3   | Found a gate leading to a gauntlet.
 19370 | Gauntlet | Entered a Gauntlet
 19370 | Gauntlet | Found a transporter.
 19370 | Gauntlet | Found a transporter.
 19377 | Gauntlet | Found a transporter.
 19378 | Gauntlet | Found a transporter.
 19397 | Gauntlet | Found a transporter.
 19415 | Gauntlet | Found a transporter.
 19429 | Gauntlet | Found a runed translucent door.
 19433 | Gauntlet | Identified the +0 pair of boots "Kaak" {rPois Will- Int-5
                  | Dex+9}
 19434 | Gauntlet | Found a transporter.
 19437 | Gauntlet | Found a transporter.
 19437 | Gauntlet | Found a transporter.
 19473 | Gauntlet | Noticed a hell beast
 19488 | Gauntlet | Found a transporter.
 19488 | Gauntlet | Identified the ring of Kal Eco {Ice Dex+3}
 19505 | Gauntlet | Found a transporter.
 19515 | Gauntlet | Found a transporter.
 19530 | Gauntlet | Found a transporter.
 20062 | Gauntlet | Noticed a minotaur
 20284 | Lair:3   | Killed a minotaur
 20514 | Lair:3   | Upgraded the game from 0.30-a0-25-gacc37e2 to
                  | 0.30-a0-27-g09854fe
 20543 | Lair:3   | Noticed Fannar
 20568 | Lair:3   | Killed Fannar
 20739 | Lair:3   | Reached XP level 13. HP: 99/99 MP: 21/26
 21016 | Lair:3   | Found a hole to the Spider Nest.
 21345 | Lair:3   | Killed Nessos
 21665 | Lair:3   | Upgraded the game from 0.30-a0-27-g09854fe to
                  | 0.30-a0-44-gec41be8
 21689 | Lair:4   | Identified the +1 leather armour of Ricihiu {Stlth+}
 21710 | Lair:4   | Learned a level 5 spell: Borgnjor's Vile Clutch
 22051 | Lair:4   | Identified the cursed +2 hat "Overhang to Understand"
                  | {Comp, Melee} (You took it off Gastronok on level 3 of the
                  | Lair of Beasts)
 22634 | Lair:4   | Reached skill level 10 in Spellcasting
 22649 | Lair:3   | Reached ***** piety under Ashenzari
 22919 | Lair:5   | Entered Level 5 of the Lair of Beasts
 23025 | Lair:4   | Identified the cursed +0 pair of gloves of the Wild Blue
                  | Yonder {infuse, Comp, Melee} (You found it in a Gauntlet)
 23168 | Lair:4   | Learned a level 6 spell: Starburst
 23514 | Lair:5   | Reached skill level 10 in Dodging
 24066 | Lair:5   | Reached XP level 14. HP: 88/116 MP: 7/31
 24073 | Lair:5   | Reached skill level 10 in Invocations
 24931 | Lair:5   | Found a viscous altar of Jiyva.
 25207 | Lair:5   | Found the ring of the Octopus King {rN+ HP+2 AC+2 EV+2
                  | SH+2}
 25207 | Lair:5   | Found the ring of the Octopus King {rN+ HP+2 AC+2 EV+2
                  | SH+2}
 25211 | Lair:5   | Identified the Excursus on Bloody Glamour
 25682 | D:11     | Reached skill level 10 in Fighting
 25923 | D:11     | Found Levuhesoit's Magic Scroll Boutique.
 25970 | D:11     | Found Lirit's Jewellery Boutique.
 26087 | D:11     | Found Jeneh's Distillery.
 27172 | D:13     | HP: 6/120 [death knight/+2 great mace (26)]
 27174 | D:13     | Slain by a death knight

Illustrated notes

Levels and vault maps discovered:
D:1:      enne_arrival_octagon_isle, layout_loops_corners,
          basic_ecumenical_altar
D:2:      layout_rooms, lexackson_kobold_supper
D:3:      layout_loops_ring, chequers_serial_rivers_large_a, minmay_ruptured,
          uniq_terence, uniq_natasha, uniq_robin
D:4:      layout_layer_cave, nicolae_qazlal_style_of_elements,
          hellmonk_ghost_happy_afterlife
D:5:      layout_loops_ring, minmay_temple_entry_statues_fountains
D:6:      layout_rooms, grunt_ministairs_1, mrwooster_statue_mirror, uniq_pikel,
          uniq_eustachio
D:7:      layout_cave_pools, mainiacjoe_overflow_concentric_impassable,
          nicolae_vehumet_radiance
D:8:      layout_rooms, lemuel_crystal_altar
D:9:      layout_rooms, mainiacjoe_overflow_big_doors, special_room
          [special_room_bee], serial_shops, nicolae_shop_waterfront,
          kennysheep_windowed_goal
D:10:     layout_loops_ring, minmay_lair_entry_grove, erik_orc_3, serial_shops,
          shop, enter_trove_5
D:11:     layout_roguey, serial_shops, shop, kennysheep_mini, shop,
          nicolae_take_the_stairs, nicolae_lakefront_shop
D:12:     layout_cross
D:13:     minmay_thinvault, layout_stronghold
Temple:   nicolae_temple_x_marks_the_god
Lair:1:   layout_cave_pods, minmay_stone_trees_small, uniq_sonja
Lair:2:   layout_layer_cave, swamp_mist, grunt_forest_large_clearing_hut
Lair:3:   layout_long_grid, spider_nest_entry_funnel_web,
          gauntlet_entry_generic, uniq_nessos, uniq_gastronok, uniq_fannar
Lair:4:   layout_cellular_growth, grunt_megastairs_3
Lair:5:   gammafunk_lair_ancient_temple, layout_misc_corridors,
          minmay_slime_entry_oklob_enclosed, infiniplex_staircase_pool_2,
          serial_bayou_shore_b, lemuel_fruit_fields, lemuel_fruit_tree

Skill      XL: |  1  2  3  4  5  6  7  8  9 10 11 12 13 14 |
---------------+-------------------------------------------+-----
Spellcasting   | 5 6 7 8 9 10 11 | 11.0
Invocations    | 1 2 3 4 5 6 7 8 9 10 | 10.7
Short Blades   | 1 2 3 4 5 6 7 8 9 |  9.8
Long Blades    | 1 2 3 4 5 6 7 8 9 |  9.8
Axes           | 1 2 3 4 5 6 7 8 9 |  9.8
Maces & Flails | 1 2 3 4 5 6 7 8 9 |  9.8
Polearms       | 1 2 3 4 5 6 7 8 9 |  9.8
Staves         | 1 2 3 4 5 6 7 8 9 |  9.8
Ranged Weapons | 1 2 3 4 5 6 7 8 9 |  9.8
Throwing       | 1 2 3 4 5 6 7 8 9 |  9.8
Armour         | 1 2 3 4 5 6 7 8 9 |  9.8
Stealth        | 1 2 3 4 5 6 7 8 9 |  9.8
Shields        | 1 2 3 4 5 6 7 8 9 |  9.8
Evocations     | 1 2 3 4 5 6 7 8 9 |  9.8
Conjurations   | 1 2 3 4 5 6 7 8 |  8.2
Hexes          | 1 2 3 4 5 6 7 8 |  8.2
Summonings     | 1 2 3 4 5 6 7 8 |  8.2
Necromancy     | 1 2 3 4 5 6 7 8 |  8.2
Translocations | 1 2 3 4 5 6 7 8 |  8.2
Fire Magic     | 1 2 3 4 5 6 7 8 |  8.2
Ice Magic      | 1 2 3 4 5 6 7 8 |  8.2
Air Magic      | 1 2 3 4 5 6 7 8 |  8.2
Earth Magic    | 1 2 3 4 5 6 7 8 |  8.2
Poison Magic   | 1 2 3 4 5 6 7 8 |  8.2
Fighting       | 3 4 5 6 7 8 9 10 | 10.2
Transmutations | 4 5 6 7 8 9 |  9.1
Dodging        | 5 6 7 8 9 10 | 10.9
Unarmed Combat | 7 8 9 10 11 | 11.8

Action                   |  1- 3 |  4- 6 |  7- 9 | 10-12 | 13-15 || total
-------------------------+-------+-------+-------+-------+-------++-------
Melee: Unarmed           |    28 |    21 |   215 |   347 |    23 ||   634
       Kick              |     6 |     5 |       |       |       ||    11
       Dagger            |    28 |   123 |     7 |       |       ||   158
       Bite              |     4 |     9 |    15 |     2 |     8 ||    38
       Headbutt          |     2 |     1 |       |       |       ||     3
       Punch             |     1 |     9 |     2 |     3 |     6 ||    21
       Staff             |       |       |    64 |    19 |    97 ||   180
Throw: Stone             |     7 |     8 |    40 |    18 |     7 ||    80
       Dart              |     2 |       |       |       |       ||     2
 Cast: Beastly Appendage |    13 |     2 |       |       |       ||    15
       Wereblood         |       |     5 |    18 |     9 |       ||    32
       Spider Form       |       |     6 |    26 |     2 |       ||    34
       Ice Form          |       |       |     6 |    41 |     5 ||    52
       Airstrike         |       |       |       |   140 |   277 ||   417
       Summon Mana Viper |       |       |       |    32 |     9 ||    41
       Borgnjor's Vile C |       |       |       |       |    35 ||    35
       Starburst         |       |       |       |       |    17 ||    17
Invok: Curse Item        |       |       |     4 |     3 |     3 ||    10
       Shatter the Chain |       |       |       |     1 |     2 ||     3
 Abil: End Transformatio |       |       |     1 |       |       ||     1
Evoke: Wand              |       |     7 |     3 |       |     1 ||    11
  Use: Potion            |       |       |     1 |     3 |     4 ||     8
       Scroll            |       |       |       |     3 |     1 ||     4
 Stab: Sleeping          |     2 |     2 |     3 |       |     1 ||     8
       Distracted        |       |       |       |     6 |     2 ||     8
Armor: Robe              |    15 |    36 |    17 |       |       ||    68
       Skin              |       |     1 |    38 |   155 |     3 ||   197
       Acid dragon scale |       |       |    18 |    19 |    62 ||    99
Dodge: Dodged            |    46 |   125 |   295 |   329 |   170 ||   965
       Repelled          |       |       |       |       |     3 ||     3
Block: Other             |       |       |       |       |     2 ||     2

Table legend: (Time is in decaauts)
 A = Elapsed time spent in this place.
 B = Non-inter-level travel time spent in this place.
 C = Inter-level travel time spent in this place.
 D = Time resting spent in this place.
 E = Time spent auto-exploring this place.
 F = Levels seen in this place.
 G = Mean time per level.
                   A        B        C        D        E       F      G
               +--------+--------+--------+--------+--------+-----+--------+
         Total |  27157 |  25171 |   1986 |   7504 |  11777 |  20 | 1357.8 |
       Dungeon |  17711 |  16280 |   1431 |   5403 |   7002 |  13 | 1362.4 |
        Temple |     12 |      2 |     10 |      0 |      0 |   1 |   12.0 |
          Lair |   8548 |   8004 |    544 |   1928 |   4775 |   5 | 1709.6 |
      Gauntlet |    884 |    884 |      0 |    172 |      0 |   1 |  884.0 |
               +--------+--------+--------+--------+--------+-----+--------+

Top non-repeatable levels by time:
    D:10: 2370 daAuts
  Lair:4: 2067 daAuts
     D:8: 2038 daAuts
     D:9: 2002 daAuts
  Lair:5: 1734 daAuts
  Lair:1: 1729 daAuts
     D:5: 1642 daAuts
     D:4: 1574 daAuts
  Lair:3: 1535 daAuts
  Lair:2: 1482 daAuts
     D:3: 1445 daAuts
     D:7: 1360 daAuts
     D:1: 1324 daAuts
    D:11: 1200 daAuts
     D:6: 927 daAuts
